 Dungeon Crawl Stone Soup version 0.29-a0-234-g0dae59b3db (webtiles) character file.

Game seed: 18112661306812977522

219 croobank the Firebug (level 6, -4/43 HPs)
             Began as a Human Fire Elementalist on Mar 3, 2022.
             Was an Initiate of Ashenzari.
             Succumbed to a killer bee's poison
             ... on level 4 of the Dungeon.
             The game lasted 00:11:35 (2992 turns).

croobank the Firebug (Human Fire Elementalist)      Turns: 2992, Time: 00:11:36

Health: -4/43      AC:  3    Str:  5 (8)  XL:     6   Next: 17%
Magic:  0/10       EV: 12    Int: 17 (18) God:    Ashenzari [......]
Gold:   181        SH:  0    Dex: 10 (13) Spells: 3/10 levels left

rFire   . . .      SeeInvis .   k - +0 dagger (speed)
rCold   . . .      Faith    .   (no shield)
rNeg    . . .      Spirit   .   a - +0 robe
rPois   .          Reflect  .   (no helmet)
rElec   .          Harm     .   (no cloak)
rCorr   .          Rampage  .   o - +0 pair of gloves
Will    .....                   (no boots)
Stlth   ++........              (no amulet)
HPRegen 0.14/turn               r - +4 ring of slaying
MPRegen 0.12/turn               (no ring)

@: brilliant, lethally poisoned (-4 -> -29)
A: no striking features
a: Renounce Religion


You were on level 4 of the Dungeon.
You worshipped Ashenzari.
Ashenzari was noncommittal.
You visited 1 branch of the dungeon, and saw 4 of its levels.

You collected 181 gold pieces.

Inventory:

Hand Weapons
 b - a +3 hunting sling
 c - a +0 war axe
 g - a +1 dagger of flaming
 k - a +0 dagger of speed (weapon)
 q - a +0 rapier of electrocution
Missiles
 h - 37 stones
 p - 5 boomerangs
Armour
 a - a +0 robe (worn)
 f - a +0 leather armour
 o - a +0 pair of gloves (worn)
Jewellery
 r - a +4 ring of slaying (left hand)
Wands
 s - a wand of iceblast (10)
Scrolls
 d - 4 scrolls of fog {unknown}
 e - a scroll of torment {unknown}
 n - a scroll of identify {unknown}


   Skills:
 + Level 1.2 Fighting
 + Level 1.3 Slings
 + Level 2.9 Dodging
 + Level 3.2 Stealth
 + Level 2.8 Spellcasting
 + Level 2.3 Conjurations
 + Level 3.7 Fire Magic


You had 3 spell levels left.
You knew the following spells:

 Your Spells              Type           Power      Damage    Failure   Level
a - Foxfire               Conj/Fire      76%        2x1d7     4%          1
b - Scorch                Fire           44%        2d7       6%          2
c - Flame Wave            Conj/Fire      19%        2d6       45%         4

Your spell library contained the following spells:

 Spells                   Type           Power      Damage    Failure   Level
 Conjure Flame            Conj/Fire      19%        6-21      16%         3
 Sandblast                Erth           6%         2d5       19%         1
 Inner Flame              Hex/Fire       13%        N/A       24%         3
 Ensorcelled Hibernation  Hex/Ice        6%         N/A       26%         2
 Passwall                 Tmut/Erth      2%         N/A       26%         2
 Stone Arrow              Conj/Erth      18%        3d8       32%         3
 Swiftness                Air            3%         N/A       47%         3


Dungeon Overview and Level Annotations

Branches:
Dungeon (4/15)
 Temple: D:4-7

Altars:
Ashenzari
Fedhas

Shops:
D:1 (

Annotations:
D:3 1 runed translucent door, sammy202020's ghost, amateur DsBe


Message History

The killer bee poisons you!
Casting: Scorch (safe; 6% risk of failure)
Confirm with . or Enter, or press ? or * to list all spells.
You don't have enough magic to cast this spell.
Okay, then.
You miss the killer bee.
The killer bee is lightly wounded.
You feel sick. The killer bee completely misses you.
The killer bee barely misses you.
You miss the killer bee.
The killer bee is lightly wounded.
You feel sick. The killer bee misses you.
You hit the killer bee.
The killer bee is lightly wounded.
You feel sick. The killer bee misses you.
Casting: Scorch (safe; 6% risk of failure)
Confirm with . or Enter, or press ? or * to list all spells.
You conjure some foxfire!
You feel sick. The killer bee barely misses you. The killer bee stings you.
* * * LOW HITPOINT WARNING * * *
You hit the killer bee.
The killer bee is moderately wounded.
You feel sick.
The foxfire hits the killer bee.
The killer bee is heavily wounded.
The foxfire hits the killer bee but does no damage.
The killer bee is heavily wounded.
The killer bee stings you.
* * * LOW HITPOINT WARNING * * *
You are more poisoned.
The killer bee poisons you! The killer bee stings you.
* * * LOW HITPOINT WARNING * * *
You are more poisoned.
The killer bee poisons you!
Okay, then.
Okay, then.
Okay, then.
Okay, then.
It was a potion of brilliance.
You feel clever all of a sudden.
You die...

#.# #...# #.##
#.#.# #..# #.#.#
##.# #.#.# #.#
#.#.# #.# ####.#.##
#.# #.......#
#.#####†###.......#
#......@y.#.......#
.......†#.........#
###########.......#
########.......#
yy§........>.)[#
################


You could see a killer bee.

Vanquished Creatures
  2 killer bees (D:4)
  Terence (D:3)
  3 gnolls (D:2)
  An adder (D:2)
  2 worms (D:2)
  3 dart slugs
  6 endoplasms
  A giant cockroach (D:3)
  7 hobgoblins
  2 jackals (D:1)
  7 kobolds
  2 quokkas (D:1)
  5 ball pythons
  7 bats
  A frilled lizard (D:1)
  5 goblins
  3 rats
58 creatures vanquished.

Vanquished Creatures (collateral kills)
  A foxfire (D:1)
1 creature vanquished.

Vanquished Creatures (others)
  111 foxfires
  3 fungi (D:2)
  6 plants (D:2)
  2 withered plants (D:3)
122 creatures vanquished.

Grand Total: 181 creatures vanquished

Notes
Turn   | Place    | Note
-------+----------+-------------------------------------------
     0 | D:1      | croobank the Human Fire Elementalist began the quest for
                  | the Orb.
     0 | D:1      | Reached XP level 1. HP: 13/13 MP: 3/3
   157 | D:1      | Reached XP level 2. HP: 11/19 MP: 0/5
   160 | D:1      | Learned a level 2 spell: Scorch
   698 | D:1      | Reached XP level 3. HP: 24/24 MP: 2/6
   751 | D:1      | Found Lamok's Weapon Boutique.
  1729 | D:2      | Reached XP level 4. HP: 30/30 MP: 2/7
  1921 | D:2      | Found a blossoming altar of Fedhas.
  2064 | D:2      | Learned a level 4 spell: Flame Wave
  2157 | D:2      | Found a faded altar of an unknown god.
  2338 | D:3      | Found a broken altar of Ashenzari.
  2370 | D:3      | Reached XP level 5. HP: 36/36 MP: 1/8
  2400 | D:3      | Became a worshipper of Ashenzari the Shackled
  2519 | D:3      | Noticed Terence
  2533 | D:3      | Killed Terence
  2672 | D:3      | Found a runed translucent door.
  2672 | D:3      | Noticed sammy202020's ghost (amateur DsBe)
  2977 | D:4      | Reached skill level 1 in Fighting
  2977 | D:4      | Reached skill level 1 in Slings
  2986 | D:4      | Reached XP level 6. HP: 15/43 MP: 0/10
  2991 | D:4      | HP: 2/43 [killer bee (1)]
  2992 | D:4      | Succumbed to a killer bee's poison

Illustrated notes

Levels and vault maps discovered:
D:1:      wander_arrival_abandoned_jail, layout_loops_ring, serial_shops, shop,
          serial_forest, infiniplex_forest_clump_double,
          infiniplex_forest_end_1, infiniplex_forest_straight_4,
          infiniplex_forest_clump_curved, infiniplex_forest_lined_3,
          infiniplex_forest_zigzag_2, infiniplex_forest_clump_curved
D:2:      layout_basic, dreamdust_ecumenical_altar_hidden_monk_grotto,
          basic_altar
D:3:      layout_rooms, ashenzari_conservatory_becter, gammafunk_ghost_grave,
          uniq_terence
D:4:      layout_loops_ring

Skill      XL: |  1  2  3  4  5 |
---------------+----------------+-----
Stealth        | 3 |  3.2
Conjurations   | 2 |  2.3
Fighting       | 1 |  1.2
Slings         | 1 |  1.3
Dodging        | |  2.9
Spellcasting   | |  2.8
Fire Magic     | |  3.7

Action                   |  1- 3 |  4- 6 || total
-------------------------+-------+-------++-------
Melee: Dagger            |    17 |     8 ||    25
       Unarmed           |     1 |       ||     1
       Rapier            |       |     2 ||     2
 Fire: Hunting sling     |     2 |    13 ||    15
 Cast: Foxfire           |    35 |    32 ||    67
       Scorch            |     5 |    11 ||    16
  Use: Potion            |       |     5 ||     5
Armor: Robe              |     8 |    12 ||    20
Dodge: Dodged            |    23 |    43 ||    66

Table legend: (Time is in decaauts)
 A = Elapsed time spent in this place.
 B = Non-inter-level travel time spent in this place.
 C = Inter-level travel time spent in this place.
 D = Time resting spent in this place.
 E = Time spent auto-exploring this place.
 F = Levels seen in this place.
 G = Mean time per level.
                   A        B        C        D        E       F      G
               +--------+--------+--------+--------+--------+-----+--------+
         Total |   2990 |   2883 |    107 |    338 |   2001 |   4 |  747.5 |
       Dungeon |   2990 |   2883 |    107 |    338 |   2001 |   4 |  747.5 |
               +--------+--------+--------+--------+--------+-----+--------+

Top non-repeatable levels by time:
     D:1: 1309 daAuts
     D:2: 903 daAuts
     D:3: 697 daAuts
     D:4: 78 daAuts
